 Dungeon Crawl Stone Soup version 0.23.2-40-g277498a001 (webtiles) character file.

Game seed: 17292546326007953899

16619 Ryzelo the Blocker (level 12, -9/112 HPs)
             Began as a Minotaur Fighter on Sept 13, 2019.
             Was the Champion of Okawaru.
             Mangled by a phantasmal warrior (16 damage)
             ... led by a death knight
             ... on level 12 of the Dungeon.
             The game lasted 00:50:54 (10259 turns).

Ryzelo the Blocker (Minotaur Fighter)              Turns: 10259, Time: 00:50:55

Health: -9/112     AC: 14    Str: 32    XL:     12   Next: 11%
Magic:  0/20       EV: 10    Int:  5    God:    Okawaru [******]
Gold:   383        SH: 17    Dex: 10    Spells: 11/11 levels left

rFire    . . .     SeeInvis +   m - +3 morningstar (drain)
rCold    . . .     Gourm    .   c - +0 shield
rNeg     . . .     Faith    .   G - +4 ring mail of the Meadowlark {rElec SInv}
rPois    +         Spirit   +   (helmet restricted)
rElec    +         Reflect  +   H - scarf {Spirit}
rCorr    .         Harm     .   y - +0 pair of gloves "Wicuips" {*Slow rElec Regen+ Str+6 Stlth-}
MR       .....                  Q - +0 pair of boots {run}
Stlth    ..........             u - amulet "Itemokky" {Reflect +Inv +Fly Slay+4 SH+3}
HPRegen  0.68/turn              l - ring of poison resistance
MPRegen  0.17/turn              N - ring of magical power

@: vulnerable, quick
A: retaliatory headbutt, horns 2
a: Heroism, Finesse, Renounce Religion, Evoke Invisibility, Evoke Flight


You were on level 12 of the Dungeon.
You worshipped Okawaru.
Okawaru was exalted by your worship.
You were not hungry.

You visited 1 branch of the dungeon, and saw 13 of its levels.
You also visited: Sewer.

You collected 758 gold pieces.
You spent 375 gold pieces at shops.

Inventory:

Hand Weapons
 a - a +0 flail
 b - a +1 shortbow of velocity
 m - a +3 morningstar of draining (weapon)
 q - a +2 mace of draining
 K - a +3 flail
Missiles
 i - 106 arrows
Armour
 c - a +0 shield (worn)
 j - the +2 pair of boots of Okawaru's Envy {Int+2 Dex-2 SInv, unknown}
   (Okawaru gifted it to you on level 12 of the Dungeon)

   It affects your intelligence (+2).
   It affects your dexterity (-2).
   It lets you see invisible.
 p - a +0 plate armour
 r - a +0 cloak
 s - a +0 pair of gloves
 x - the +0 chain mail of Starshine {rPois rF+ Stlth+}
   (You found it on level 4 of the Dungeon)

   It protects you from fire.
   It protects you from poison.
   It makes you more stealthy.
 y - the +0 pair of gloves "Wicuips" (worn) {*Slow rElec Regen+ Str+6 Stlth-}
   (You found it on level 4 of the Dungeon)

   It affects your strength (+6).
   It insulates you from electricity.
   It increases your rate of regeneration.
   It may slow you when you take damage.
   It makes you less stealthy.
 B - a +2 ring mail of fire resistance
 G - the +4 ring mail of the Meadowlark (worn) {rElec SInv}
   (You found it on level 7 of the Dungeon)

   It insulates you from electricity.
   It lets you see invisible.
 H - a scarf of spirit shield (worn)
 J - a +2 scale mail of poison resistance
 Q - a +0 pair of boots of running (worn)
 R - the +0 ring mail of Homofamu {rPois rCorr Int+6}
   (You found it on level 11 of the Dungeon)

   It affects your intelligence (+6).
   It protects you from poison.
   It provides partial protection from all sources of acid and corrosion.
Jewellery
 l - a ring of poison resistance (left hand)
 u - the amulet "Itemokky" (around neck) {Reflect +Inv +Fly Slay+4 SH+3}
   (You found it on level 9 of the Dungeon)

   [amulet of reflection]

   It shields you and reflects attacks.
   It affects your accuracy and damage with ranged weapons and melee attacks
   (+4).
   It lets you turn invisible.
   It lets you fly.
   It affects your SH (+3).
 I - an uncursed ring of wizardry
 L - the ring "Daxtasevo" {*Tele Str+2}
   (You found it on level 9 of the Dungeon)

   [ring of teleportation]

   It may teleport you next to monsters.
   It affects your strength (+2).
 N - a ring of magical power (right hand)
 S - an uncursed ring of see invisible
Wands
 O - a wand of iceblast (8)
 P - a wand of scattershot (3)
Scrolls
 n - 3 scrolls of fear
 o - 5 scrolls of teleportation
 w - 2 scrolls of remove curse
 C - 2 scrolls of fog
 D - a scroll of blinking
 E - 2 scrolls of amnesia
Potions
 d - a potion of might
 e - 2 potions of ambrosia {unknown}
 g - 7 potions of heal wounds
 h - 5 potions of mutation {unknown}
 k - 11 potions of curing
 t - 2 potions of degeneration {unknown}
 v - 5 potions of agility {unknown}
 A - a potion of berserk rage {unknown}
 F - a potion of cancellation {unknown}
 M - 2 potions of lignification {unknown}
 T - a potion of magic {unknown}
 V - a potion of flight {unknown}
Comestibles
 f - 16 rations


   Skills:
 + Level 12.2 Fighting
 + Level 12.0 Maces & Flails
 + Level 12.2 Armour
 + Level 12.2 Shields


You had 11 spell levels left.
You didn't know any spells.
Your spell library contained the following spells:

 Spells                   Type           Power        Failure   Level  Hunger
 Animate Skeleton         Necr           N/A          69%         1    ##.....
 Apportation              Tloc           #.....       69%         1    ##.....
 Confusing Touch          Hex            #.....       69%         1    ##.....
 Summon Small Mammal      Summ           #...         69%         1    ##.....
 Ensorcelled Hibernation  Hex/Ice        #.....       83%         2    ###....
 Confuse                  Hex            #.......     96%         3    ####...
 Gell's Gravitas          Tloc           #.........   96%         3    ####...
 Petrify                  Tmut/Erth      #.......     100%        4    #####..
 Borgnjor's Vile Clutch   Necr/Erth      #.........   100%        5    ######.
 Metabolic Englaciation   Hex/Ice        #.........   100%        5    ######.
 Silence                  Hex/Air        #.........   100%        5    ######.
 Yara's Violent Unravell  Hex/Tmut       #.........   100%        5    ######.
 Darkness                 Hex            #.........   100%        6    #######
 Shadow Creatures         Summ           N/A          100%        6    #######


Dungeon Overview and Level Annotations

Branches:
Dungeon (13/15)            Temple (0/1) D:7            Lair (0/6) D:10
    Orc (0/2) D:12
 Vaults: D:13-14

Altars:
Ashenzari
Kikubaaqudgha
Nemelex Xobeh
Okawaru
Qazlal
Sif Muna
Uskayaw
Wu Jian
Yredelemnul
Zin

Shops:
D:2 *   D:4 (   D:6 (   D:7 %   D:9 [   D:13 =*

Portals:
Trove: D:10 (give 21 scrolls of identify)

Annotations:
D:5 2 transporters, terix's ghost, novice NaVM


Innate Abilities, Weirdness & Mutations

You reflexively headbutt those who attack you in melee.
You have a pair of horns on your head.


Message History

The killer bee stings you!
You block the freezing wraith's attack. x2
You barely miss the skeletal warrior.
The skeletal warrior is moderately damaged.
You block the killer bee's attack. x2; The phantasmal warrior hits you!
* * * LOW HITPOINT WARNING * * *
The killer bee stings you but does no damage. x2
The skeletal warrior completely misses you.
You furiously retaliate!
You headbutt the skeletal warrior! You block the freezing wraith's attack.
The freezing wraith barely misses you. The killer bee misses you.
You block the phantasmal warrior's attack.
The killer bee closely misses you. You block the killer bee's attack.
There is an escape hatch in the floor, spattered with blood here.
Things that are here:
a +0 dagger; a big kobold skeleton The killer bee barely misses you.
The killer bee closely misses you.
The skeletal warrior hits you with a +0 battleaxe!
* * * LOW HITPOINT WARNING * * *
The phantasmal warrior hits you!!
You die...

#########
#....WW.#
#....@y.#
#....yz.#
#.......#
#.......#
#.......#
#.......#######
#.............###
#.......#####...##
#.......# #....##


You could see a skeletal warrior, a phantasmal warrior, a freezing wraith and 2
killer bees.

Vanquished Creatures
  A hydra (D:12)
  5 two-headed ogres
  Nergalle (D:10)
  An unseen horror (D:11)
  A wolf spider (D:13)
  An ugly thing (D:11)
  A cyclops (D:11)
  3 manticores
  A kobold demonologist (D:8)
  A freezing wraith (D:12)
  A troll (D:12)
  A hornet (D:11)
  4 hippogriffs
  A vampire (D:13)
  A wyvern (D:13)
  6 yaks (D:12)
  2 hungry ghosts
  A steam dragon (D:8)
  An acid dragon (D:12)
  2 porcupines (D:10)
  5 orc warriors
  A black bear (D:12)
  3 ice beasts
  2 ogres
  3 sky beasts
  An eye of draining (D:12)
  4 phantoms
  3 centaurs
  A crocodile (D:10)
  12 big kobolds
  Blork the orc (D:5)
  7 bullfrogs
  A wyvern zombie (D:11)
  5 scorpions
  3 killer bees (D:12)
  3 wights (D:9)
  2 electric eels (D:9)
  3 howler monkeys (D:10)
  A quasit (D:11)
  3 centaur skeletons
  2 jellies
  Crazy Yiuf (D:2)
  2 orc priests
  A bullfrog skeleton (D:7)
  A gnoll shaman (D:4)
  6 hounds
  5 iguanas
  4 orc wizards
  5 worker ants
  2 howler monkey zombies
  A worker ant zombie (D:9)
  7 gnolls
  Robin (D:3)
  17 adders
  3 river rats (Sewer)
  3 shadow imps
  2 adder skeletons
  7 leopard geckos
  51 orcs
  7 ball pythons
  6 giant cockroaches
  14 goblins
  2 hobgoblins (D:2)
  5 jackals
  3 quokkas (D:2)
  3 bats
  12 frilled lizards
  27 kobolds
  2 quokka skeletons
  11 rats
  A spectral orc (D:2)
314 creatures vanquished.

Vanquished Creatures (others)
  A centaur (D:12)
  2 orcs (D:9)
  2 kobolds (D:13)
  A plant (D:10)
6 creatures vanquished.

Grand Total: 320 creatures vanquished

Notes
Turn   | Place    | Note
-------+----------+-------------------------------------------
     0 | D:1      | Ryzelo the Minotaur Fighter began the quest for the Orb.
     0 | D:1      | Reached XP level 1. HP: 19/19 MP: 0/0
   416 | D:1      | Reached XP level 2. HP: 27/27 MP: 1/1
   827 | D:2      | Found Zin's Purification Station.
   831 | D:2      | Found a glowing silver altar of Zin.
   862 | D:2      | Reached XP level 3. HP: 33/33 MP: 2/2
   950 | D:2      | Found a runed translucent door.
   951 | D:2      | Noticed Crazy Yiuf
  1190 | D:2      | Found a hide-covered altar of Uskayaw.
  1191 | D:2      | Found an iron altar of Okawaru.
  1254 | D:2      | Became a worshipper of Warmaster Okawaru
  1300 | D:2      | Found an ornate altar of the Wu Jian Council.
  1397 | D:2      | Found a basalt altar of Yredelemnul.
  1484 | D:2      | Killed Crazy Yiuf
  1484 | D:2      | Reached XP level 4. HP: 20/41 MP: 3/3
  1834 | D:3      | Noticed Robin
  2086 | D:3      | Killed Robin
  2331 | D:3      | Found a deep blue altar of Sif Muna.
  2446 | D:3      | Reached XP level 5. HP: 46/47 MP: 4/4
  2976 | D:4      | Reached skill level 5 in Fighting
  2976 | D:4      | Reached skill level 5 in Armour
  2976 | D:4      | Reached skill level 5 in Shields
  2991 | D:4      | Reached * piety under Okawaru
  3078 | D:4      | Got a brightly glowing chain mail
  3089 | D:4      | Identified the cursed +0 chain mail of Starshine {rPois rF+
                  | Stlth+} (You found it on level 4 of the Dungeon)
  3171 | D:4      | Got a pair of brightly glowing gloves
  3174 | D:4      | Identified the +0 pair of gloves "Wicuips" {*Slow rElec
                  | Regen+ Str+6 Stlth-} (You found it on level 4 of the
                  | Dungeon)
  3233 | D:4      | Found an ancient bone altar of Kikubaaqudgha.
  3328 | D:4      | Found Suhun's Weapon Boutique.
  3337 | D:4      | Found a shattered altar of Ashenzari.
  3385 | D:5      | Entered Level 5 of the Dungeon
  3416 | D:5      | Reached XP level 6. HP: 56/56 MP: 5/5
  3434 | D:5      | Found a stormy altar of Qazlal.
  3466 | D:5      | Noticed Blork the orc
  3471 | D:5      | Killed Blork the orc
  3724 | D:5      | Noticed terix's ghost (novice NaVM)
  3726 | D:5      | Found a transporter.
  3728 | D:5      | Found a transporter.
  3955 | D:6      | Noticed a sky beast
  3963 | D:6      | Reached skill level 5 in Maces & Flails
  3963 | D:6      | Reached XP level 7. HP: 42/62 MP: 6/6
  4035 | D:6      | Found a glowing drain.
  4045 | Sewer    | Entered a sewer
  4220 | Sewer    | Reached ** piety under Okawaru
  4781 | D:6      | Found Tuitusm's Antique Weapon Emporium.
  4908 | D:6      | Reached XP level 8. HP: 70/71 MP: 7/7
  5748 | D:7      | Noticed a two-headed ogre
  5759 | D:7      | Killed a two-headed ogre
  5759 | D:7      | Reached *** piety under Okawaru
  5833 | D:7      | Found a deep blue altar of Sif Muna.
  5891 | D:7      | Got a faintly humming ring mail
  5893 | D:7      | Identified the +4 ring mail of the Meadowlark {rElec SInv}
                  | (You found it on level 7 of the Dungeon)
  5934 | D:7      | Found a sparkling altar of Nemelex Xobeh.
  6000 | D:7      | Reached XP level 9. HP: 81/81 MP: 8/8
  6314 | D:7      | Found a staircase to the Ecumenical Temple.
  6422 | D:7      | Found Udalli's Food Shoppe.
  6809 | D:8      | Reached **** piety under Okawaru
  7226 | D:8      | Noticed a kobold demonologist
  7229 | D:8      | Noticed a red devil
  7231 | D:8      | Noticed a sun demon
  7244 | D:8      | Noticed a smoke demon
  7247 | D:8      | Killed a kobold demonologist
  7247 | D:8      | Reached ***** piety under Okawaru
  7250 | D:8      | Reached XP level 10. HP: 58/91 MP: 9/9
  7505 | D:9      | Found Vunumif's Antique Armour Shoppe.
  7508 | D:9      | Bought a glowing scarf for 200 gold pieces
  7508 | D:9      | Bought a shiny scale mail for 175 gold pieces
  7718 | D:9      | Got a sparkling copper amulet
  7747 | D:9      | Got a pitted wooden ring
  7756 | D:9      | Identified the amulet "Itemokky" {Reflect +Inv +Fly Slay+4
                  | SH+3} (You found it on level 9 of the Dungeon)
  8007 | D:10     | Entered Level 10 of the Dungeon
  8069 | D:10     | Reached skill level 10 in Armour
  8071 | D:10     | Noticed a two-headed ogre
  8072 | D:10     | Reached skill level 10 in Shields
  8080 | D:10     | Killed a two-headed ogre
  8080 | D:10     | Reached skill level 10 in Fighting
  8088 | D:10     | Noticed a two-headed ogre
  8090 | D:10     | Noticed Nergalle
  8099 | D:10     | Killed a two-headed ogre
  8099 | D:10     | Reached ****** piety under Okawaru
  8099 | D:10     | Reached skill level 10 in Maces & Flails
  8103 | D:10     | Killed Nergalle
  8126 | D:10     | Found a staircase to the Lair.
  8169 | D:10     | Found a portal to a secret trove of treasure.
  8543 | D:11     | Noticed a manticore
  8547 | D:11     | Reached XP level 11. HP: 72/101 MP: 6/10
  8670 | D:11     | Received a gift from Okawaru
  8736 | D:11     | Noticed a red ugly thing
  8744 | D:11     | Killed a red ugly thing
  8834 | D:11     | Noticed an unseen horror
  8835 | D:11     | Noticed a two-headed ogre
  8846 | D:11     | Killed an unseen horror
  8851 | D:11     | Killed a two-headed ogre
  9192 | D:11     | Identified a +0 pair of boots of running (Okawaru gifted it
                  | to you on level 11 of the Dungeon)
  9198 | D:11     | Identified the ring "Daxtasevo" {*Tele Str+2} (You found it
                  | on level 9 of the Dungeon)
  9239 | D:11     | Got a dazzling ring mail
  9251 | D:11     | Identified the +0 ring mail of Homofamu {rPois rCorr Int+6}
                  | (You found it on level 11 of the Dungeon)
  9281 | D:12     | Noticed a two-headed ogre
  9292 | D:12     | Killed a two-headed ogre
  9557 | D:12     | Found a staircase to the Orcish Mines.
  9820 | D:13     | Noticed a seven-headed hydra
  9826 | D:13     | Noticed a death knight
  9834 | D:12     | Killed a seven-headed hydra
  9834 | D:12     | Received a gift from Okawaru
  9844 | D:12     | Got a pair of slimy boots {god gift}
  9947 | D:13     | Found Feumobadd's Assorted Antiques.
  9947 | D:13     | Found Leunag's Jewellery Boutique.
  9957 | D:13     | Reached XP level 12. HP: 111/112 MP: 11/11
 10259 | D:12     | Mangled by a phantasmal warrior

Skill      XL: |  1  2  3  4  5  6  7  8  9 10 11 12 |
---------------+-------------------------------------+-----
Fighting       | 4 5 6 7 9 10 12 | 12.2
Armour         | 4 5 6 7 9 10 12 | 12.2
Shields        | 4 5 6 7 9 10 12 | 12.2
Maces & Flails | 3 4 5 7 9 10 11 12 | 12.0

Action                   |  1- 3 |  4- 6 |  7- 9 | 10-12 || total
-------------------------+-------+-------+-------+-------++-------
Melee: Flail             |    27 |       |       |       ||    27
       Headbutt          |     6 |    18 |    46 |    68 ||   138
       Morningstar       |    45 |   129 |   258 |   326 ||   758
Invok: Heroism           |       |       |     1 |     2 ||     3
  Use: Scroll            |     2 |     7 |     3 |     8 ||    20
  Eat: Chunk             |     2 |     4 |    13 |     9 ||    28
       Ration            |       |     1 |     1 |     1 ||     3
Armor: Scale mail        |    25 |    49 |       |       ||    74
       Chain mail        |       |    68 |    68 |       ||   136
       Ring mail         |       |       |    55 |   136 ||   191
Dodge: Dodged            |    14 |    72 |    77 |   160 ||   323
Block: Shield            |    36 |   116 |   170 |   319 ||   641
       Reflection        |       |       |       |    27 ||    27
